 Dungeon Crawl Stone Soup version 0.29.0-11-gd7f09526c8 (webtiles) character file.

Game seed: 7047289575054893555

915 SnakkuSnakku7 the Cudgeller (level 8, -1/58 HPs)
             Began as a Human Delver on Sept 7, 2022.
             Was an Initiate of Yredelemnul.
             Slain by Pikel
             ... wielding a +0 whip of flaming
              (2 damage)
             ... on level 5 of the Dungeon.
             The game lasted 00:08:12 (6398 turns).

SnakkuSnakku7 the Cudgeller (Human Delver)          Turns: 6398, Time: 00:08:15

Health: -1/58      AC:  4    Str: 14    XL:     8   Next: 30%
Magic:  8/8        EV: 12    Int: 11    God:    Yredelemnul [......]
Gold:   164        SH:  0    Dex: 15    Spells: 7/7 levels left

rFire   + . .      SeeInvis .   a - +4 flail
rCold   . . .      Faith    .   (no shield)
rNeg    . . .      Spirit   .   b - +0 leather armour
rPois   .          Reflect  .   j - +0 helmet
rElec   .          Harm     .   (no cloak)
rCorr   .          Rampage  .   (no gloves)
Will    .....                   (no boots)
Stlth   +++.......              (no amulet)
HPRegen 0.19/turn               C - ring of protection from fire
MPRegen 0.11/turn               (no ring)

@: no status effects
A: no striking features
a: Renounce Religion, Recall Undead Harvest


You were on level 5 of the Dungeon.
You worshipped Yredelemnul.
Yredelemnul was noncommittal.
You visited 2 branches of the dungeon, and saw 7 of its levels.

You collected 420 gold pieces.
You spent 256 gold pieces at shops.

Inventory:

Hand Weapons
 a - a +4 flail (weapon)
 m - a +0 spear
Missiles
 s - 11 poisoned darts (quivered)
Armour
 b - a +0 leather armour (worn)
 j - a +0 helmet (worn)
 y - a +1 pair of gloves of dexterity
Jewellery
 C - a ring of protection from fire (left hand)
Wands
 g - a wand of digging (3)
 h - a wand of mindburst (14)
 i - a wand of iceblast (19)
Scrolls
 c - 2 scrolls of fog
 d - 3 scrolls of magic mapping
 e - 3 scrolls of fear
 k - 6 scrolls of identify {unknown}
 l - 3 scrolls of enchant weapon {unknown}
 t - 2 scrolls of teleportation {unknown}
 v - a scroll of vulnerability {unknown}
 x - a scroll of noise {unknown}
 D - a scroll of enchant armour {unknown}
 E - a scroll of brand weapon {unknown}
Potions
 f - 2 potions of haste
 n - 2 potions of flight {unknown}
 o - 3 potions of degeneration {unknown}
 p - a potion of lignification
 q - a potion of heal wounds {unknown}
 r - 3 potions of attraction
 u - a potion of mutation {unknown}
 w - a potion of berserk rage {unknown}
 z - a potion of curing {unknown}
 A - 2 potions of resistance {unknown}
 B - a potion of might {unknown}


   Skills:
 - Level 3.0 Fighting
 + Level 6.4 Maces & Flails
 - Level 2.0 Polearms
 - Level 2.0 Dodging
 - Level 5.0 Stealth
 - Level 6.0 Evocations


You had 7 spell levels left.
You didn't know any spells.
Your spell library contained the following spells:

 Spells                   Type           Power      Damage    Failure   Level
 Sandblast                Erth           0%         2d4       41%         1
 Passwall                 Tmut/Erth      0%         N/A       56%         2
 Sublimation of Blood     Necr           0%         N/A       56%         2
 Gell's Gravitas          Tloc           0%         N/A       80%         3
 Stone Arrow              Conj/Erth      0%         3d7       80%         3
 Teleport Other           Tloc           0%         N/A       80%         3
 Petrify                  Tmut/Erth      0%         N/A       99%         4
 Irradiate                Conj/Tmut      0%         3d11      100%        5
 Dispersal                Tloc           0%         N/A       100%        6


Dungeon Overview and Level Annotations

Branches:
Dungeon (6/15)             Temple (1/1) D:5

Altars:
Cheibriados
Dithmenos
Hepliaklqana
Nemelex Xobeh
Trog
Vehumet
Yredelemnul
Zin

Shops:
D:4 ***(*=

Annotations:
D:5 Pikel


Message History

You completely miss the lemure. The lemure closely misses you.
Pikel says, "Dispater doesn't talk much, but I know they dig me."
You hit the lemure.
The lemure is moderately wounded.
The lemure hits you but does no damage.
You hit the lemure but do no damage.
The lemure is moderately wounded.
The lemure hits you but does no damage.
You closely miss the lemure.
The lemure is moderately wounded.
The lemure closely misses you.
You barely miss the lemure.
The lemure is moderately wounded.
The lemure hits you!
You sock the lemure!
The lemure is heavily wounded.
The lemure hits you but does no damage.
You hit the lemure.
The lemure is severely wounded.
The lemure closely misses you.
You barely miss the lemure.
The lemure is severely wounded.
The lemure hits you but does no damage.
You barely miss the lemure.
The lemure is severely wounded.
The lemure barely misses you.
You sock Pikel!
Pikel is heavily wounded.
Pikel closely misses you.
You hit Pikel. Your punch misses Pikel.
Pikel is heavily wounded.
Pikel hits you with a +0 whip of flaming!
* * * LOW HITPOINT WARNING * * *
You closely miss Pikel.
Pikel is heavily wounded.
Pikel hits you with a +0 whip of flaming!
* * * LOW HITPOINT WARNING * * *
Pikel burns you.
You die...
Your body rises from the dead as a mindless zombie.

..##..## #.#####.#Z..#....####.#.
..##...###..##.##.....###.####.#.
........#.......#.....# #...##.#.
..####....#..>ZZ.#....###.#.##.#.
..# ##..###..Z......#....#.##.#.
### #..###..####...####........
######..##..######..# ###......
#......##..#...##...# ####.##
##.##..#.))...#.@K5..# #.#
.#.###...)#########.#### #.#
.......#..# #.......### #.##
.#..###...#### #.#.......# #...
##..# #......###.......#.# ####
#..###..#........>......#
###...###...............###
########................######
#.......#.........#.#..ZZ.


You could see Pikel and a lemure.

Vanquished Creatures
  A steam dragon (D:6)
  A phantom (D:5)
  2 bullfrogs (D:6)
  A scorpion (D:5)
  3 hounds
  An orc priest (D:5)
  3 iguanas
  2 orc wizards (D:5)
  A scorpion zombie (D:3)
  A hound zombie (D:3)
  3 gnolls (D:5)
  10 adders
  A white imp (D:6)
  2 worms
  A dart slug (D:4)
  8 orcs
  7 endoplasms
  3 giant cockroaches
  10 goblins
  8 hobgoblins
  4 jackals (D:5)
  7 quokkas
  6 ball pythons
  8 bats
  3 frilled lizards
  3 kobolds
  8 rats
108 creatures vanquished.

Vanquished Creatures (collateral kills)
  An adder (D:4)
  2 orcs (D:4)
  A goblin (D:4)
  A kobold (D:4)
  A jackal zombie (D:5)
6 creatures vanquished.

Vanquished Creatures (others)
  A bullfrog zombie (D:6)
  A hound zombie (D:6)
  3 adder zombies
  A gnoll zombie (D:5)
  A jackal zombie (D:5)
  5 orc zombies
  A quokka zombie (D:5)
13 creatures vanquished.

Grand Total: 127 creatures vanquished

Notes
Turn   | Place    | Note
-------+----------+-------------------------------------------
     0 | D:5      | SnakkuSnakku7 the Human Delver began the quest for the Orb.
     0 | D:5      | Reached XP level 1. HP: 18/18 MP: 1/1
    18 | D:4      | Found Heemaups's General Store.
    21 | D:4      | Reached skill level 1 in Evocations
    21 | D:4      | Reached XP level 2. HP: 24/24 MP: 2/2
    84 | D:3      | Reached XP level 3. HP: 29/29 MP: 3/3
   447 | D:1      | You fall into a shaft and drop 1 floor!
   747 | D:1      | Reached skill level 1 in Maces & Flails
   778 | D:1      | Reached XP level 4. HP: 35/35 MP: 4/4
  2609 | D:3      | Reached XP level 5. HP: 33/41 MP: 5/5
  2625 | D:3      | Identified the +3 scale mail "Xugusaus" {rPois Dex+3}
  3035 | D:3      | Found a basalt altar of Yredelemnul.
  3045 | D:3      | Became a worshipper of Yredelemnul the Dark
  3169 | D:4      | Noticed a shadow
  3170 | D:4      | Found a shadowy altar of Dithmenos.
  3171 | D:4      | Found a hazy altar of Hepliaklqana.
  3352 | D:4      | Reached * piety under Yredelemnul
  3773 | D:4      | Reached XP level 6. HP: 41/47 MP: 6/6
  3781 | D:4      | Reached ** piety under Yredelemnul
  3928 | D:4      | Found a bloodstained altar of Trog.
  4024 | D:4      | Found Qiotanum's General Store.
  4027 | D:4      | Found Xetsuzau's Assorted Antiques.
  4027 | D:4      | Found Tiser's Antique Weapon Boutique.
  4034 | D:4      | Found Huwnaoff's Assorted Antiques.
  4041 | D:4      | Bought a pair of glowing gloves for 142 gold pieces
  4041 | D:4      | Bought a glowing brass ring for 95 gold pieces
  4073 | D:4      | Bought a scroll labelled MEFIEPHANAO for 19 gold pieces
  4090 | D:4      | Found Fasme's Jewellery Boutique.
  4417 | D:5      | Found a staircase to the Ecumenical Temple.
  4810 | D:5      | Reached skill level 5 in Evocations
  4810 | D:5      | Reached XP level 7. HP: 52/52 MP: 7/7
  4910 | Temple   | Entered the Ecumenical Temple
  5797 | D:6      | Reached skill level 5 in Maces & Flails
  5868 | D:6      | Noticed a steam dragon
  5961 | D:6      | Killed a steam dragon
  5962 | D:6      | Reached XP level 8. HP: 53/58 MP: 8/8
  6310 | D:6      | Noticed Pikel
  6398 | D:5      | HP: 1/58 [Pikel/+0 whip of flaming (9)]
  6398 | D:5      | Slain by Pikel

Illustrated notes

Levels and vault maps discovered:
D:1:      dpeg_arrival_subterranean_lakeside_camping, layout_loops_ring
D:2:      layout_basic, skrybe_limestone_x
D:3:      minmay_angry_zag, layout_basic, lemuel_zombie_altar_yredelemnul
D:4:      layout_loops_ring, mainiacjoe_overflow_chevrons,
          riverfiend_overflow_shadow_ancestor, serial_shops, kennysheep_mini,
          minmay_shop_grid_forest, nicolae_stop_n_shop_1,
          hangedman_decor_growths, feat_on_display
D:5:      layout_loops_cross, minmay_temple_entry_wispy
D:6:      layout_gridville, lemuel_blue_sif_altar, uniq_pikel, uniq_eustachio
Temple:   hellmonk_temple_two_chambers

Skill      XL: |  1  2  3  4  5  6  7  8 |
---------------+-------------------------+-----
Evocations     | 1 2 3 4 5 6 |  6.0
Maces & Flails | 1 2 4 5 6 |  6.4
Fighting       | |  3.0
Polearms       | |  2.0
Dodging        | |  2.0
Stealth        | |  5.0

Action                   |  1- 3 |  4- 6 |  7- 9 || total
-------------------------+-------+-------+-------++-------
Melee: Spear             |    13 |       |       ||    13
       Flail             |    34 |   166 |    79 ||   279
       Punch             |       |       |     2 ||     2
Evoke: Wand              |     3 |       |     2 ||     5
  Use: Potion            |       |       |     2 ||     2
 Stab: Sleeping          |    13 |    13 |     2 ||    28
       Distracted        |       |     1 |     2 ||     3
Armor: Leather armour    |    10 |    48 |    21 ||    79
       Skin              |       |       |     1 ||     1
Dodge: Dodged            |    29 |   107 |    57 ||   193
